 Dungeon Crawl Stone Soup version 0.19.1 (webtiles) character file.

67 sveltemanboy the Chucker (level 4, 0/45 HPs)
             Began as an Ogre Hunter on Nov 27, 2016.
             Slain by a worker ant (3 damage)
             ... on level 3 of the Dungeon.
             The game lasted 00:05:48 (2695 turns).

sveltemanboy the Chucker (Ogre Hunter)              Turns: 2695, Time: 00:05:48

Health: 0/45       AC:  4    Str: 23    XL:     4   Next: 16%
Magic:  4/4        EV: 10    Int: 10    God:
Gold:   135        SH:  0    Dex: 10    Spells: 1 memorised, 2 levels left

rFire  . . .     SeeInvis .     g - +0 club
rCold  . . .     Gourm    .     b - +0 robe
rNeg   . . .     Faith    .     (no shield)
rPois  .         Spirit   .     (helmet restricted)
rElec  .         Reflect  .     e - +0 cloak
rCorr  .         Harm     .     (gloves unavailable)
MR     .....                    (boots unavailable)
Stlth  +.........               (no amulet)
                                (no ring)
                                (no ring)

@: mighty, lethally poisoned (0 -> -16)
A: unfitting armour, tough skin 1
a: no special abilities


You were on level 3 of the Dungeon.
You were not hungry.

You visited 1 branch of the dungeon, and saw 3 of its levels.

You collected 135 gold pieces.

Inventory:

Hand Weapons
 g - a +0 club (weapon)
Missiles
 p - 37 stones (quivered)
Armour
 b - a +0 robe (worn)
 e - a +0 cloak (worn)
Scrolls
 a - a scroll of magic mapping {unknown}
 h - a scroll of amnesia {unknown}
 j - 5 scrolls of identify {unknown}
 k - a scroll of fear {unknown}
 l - a scroll of teleportation {unknown}
 o - 4 scrolls of remove curse {unknown}
 q - a scroll of blinking {unknown}
Potions
 i - a potion of haste {unknown}
 n - a potion of might
 r - a potion of flight {unknown}
Comestibles
 d - 2 chunks of flesh
 f - 5 bread rations


   Skills:
 - Level 3.0 Fighting
   Level 0.3 Short Blades
 * Level 3.0 Maces & Flails
 - Level 4.6 Throwing
 - Level 2.0 Dodging
 - Level 0.6 Stealth
 + Level 0.0 Spellcasting


You had 2 spell levels left.
You knew the following spells:

 Your Spells              Type           Power        Failure   Level  Hunger
a - Animate Skeleton      Necr           N/A          38%         1    ##.....


Dungeon Overview and Level Annotations

Branches:
Dungeon (3/15)

Altars:


Innate Abilities, Weirdness & Mutations

You are too large for most types of armour.
You have tough skin. (AC +1)


Message History

You feel sick. The worker ant bites you.
You are more poisoned.
The worker ant poisons you! The frilled lizard closely misses you.
The worker ant barely misses you.
Throwing (i - inventory. (,) - cycle):
c - a large rock (quivered)
Press: ? - help, Shift-Dir - straight line, f/p - worker ant
Aim: a worker ant (moderately wounded)
You throw a large rock. The large rock hits the worker ant!
The worker ant is almost dead.
* * * LOW HITPOINT WARNING * * *
You feel very sick. The worker ant bites you.
* * * LOW HITPOINT WARNING * * *
The frilled lizard bites you but does no damage.
The worker ant barely misses you. The frilled lizard barely misses you.
It was a potion of might.
You feel very mighty all of a sudden.
* * * LOW HITPOINT WARNING * * *
You feel sick. The worker ant bites you.
You die...

#.## #... #..#
###..#####
#.......!#
#####.....!..#
#............#
#..@a.(#
#...l..#
######.# #


You could see a worker ant and a frilled lizard.

Vanquished Creatures
  An adder (D:2)
  2 leopard geckos (D:2)
  A ball python (D:2)
  3 giant cockroaches
  9 goblins
  9 hobgoblins
  7 jackals
  4 kobolds (D:1)
  8 bats
  A frilled lizard (D:2)
  A rat (D:2)
46 creatures vanquished.

Vanquished Creatures (others)
  A hobgoblin (D:2)
1 creature vanquished.

Grand Total: 47 creatures vanquished

Notes
Turn   | Place    | Note
-------+----------+-------------------------------------------
     0 | D:1      | sveltemanboy the Ogre Hunter began the quest for the Orb.
     0 | D:1      | Reached XP level 1. HP: 22/22 MP: 1/1
   194 | D:1      | Reached XP level 2. HP: 26/29 MP: 2/2
   779 | D:1      | Reached skill level 1 in Maces & Flails
   917 | D:1      | Reached XP level 3. HP: 37/37 MP: 3/3
  1941 | D:2      | Reached XP level 4. HP: 45/45 MP: 4/4
  2149 | D:2      | Learned a level 1 spell: Animate Skeleton
  2695 | D:3      | Slain by a worker ant

Skill      XL: |  1  2  3  4 |
---------------+-------------+-----
Fighting       | 3 |  3.0
Maces & Flails | 1 2 3 |  3.0
Dodging        | 2 |  2.0
Short Blades   | |  0.3
Throwing       | |  4.6
Stealth        | |  0.6

Action                   |  1- 3 |  4- 6 || total
-------------------------+-------+-------++-------
Melee: Short sword       |   183 |       ||   183
       Club              |    14 |    49 ||    63
Throw: Throwing net      |     2 |     1 ||     3
       Large rock        |       |     5 ||     5
  Use: Potion            |       |     1 ||     1
 Stab: Sleeping          |     2 |       ||     2
       Held in net/web   |     1 |       ||     1
  Eat: Chunk             |     4 |     2 ||     6
Armor: Robe              |    77 |    24 ||   101
Dodge: Dodged            |   107 |    46 ||   153
